Cogmind - Beta 15 @@@ ROGUE MODE // 2025.10.07 @ 19:20:23 Player: the Result: Destroyed by Y-54 Guardian with Flak Gun Performance ------------- Evolutions (4) 2000 Regions Visited (10) 2000 Robots Destroyed (179) 895 Value Destroyed (5090) 5090 Prototype IDs (34) 680 Alien Tech Used (0) 0 Bonus (1928) 1928 TOTAL SCORE: 12593 Bonus ------- High Alert Combat Kills 474 Follower Combat Kills 454 Entered Garrisons 200 Entered DSFs 500 Aligned with FarCom 300 Cogmind --------- Core Integrity 0/850 Matter 157/300 Energy 11/100 System Corruption 0% Temperature Cool (18) Movement Core (50) Location -6/Garrison Parts ------- > --- POWER (2) -------- (None) > --- PROPULSION (5) --- (None) > --- UTILITY (6) ------ Nanoactuators > --- WEAPON (2) ------- (None) > --- INVENTORY (5) ---- Compact Matter Pod (0) Improved Weapon Cycler Authchip [Device] Authchip [Weapon] Power Maul Peak State ------------ > --- POWER ------------ Improved Deuterium Engine Reinforced Deuterium Engine > --- PROPULSION ------- Armored Treads Improved Medium Treads Improved Medium Treads Improved Heavy Treads > --- UTILITY ---------- High-capacity Storage Unit Experimental Targeting Computer Core Analyzer Core Analyzer Armor Integrity Analyzer Medium Reactive Plating > --- WEAPON ----------- Gauss Cannon Gauss Cannon > --- INVENTORY -------- Improved Cooling System Huge Storage Unit Compact Matter Pod IFF Parser Transmission Jammer Experimental Propulsion Shielding Graphene Brace Authchip [Device] Authchip [Weapon] High-powered Tractor Beam Drone Bay Cooled Plasma Cannon YOLO Cannon Gauss Cannon Gauss Cannon Power Maul [Rating: 74] Favorites ----------- Power Heavy Deuterium Engine Engine Heavy Deuterium Engine Power Core Light Nuclear Core Propulsion Light Treads Treads Light Treads Leg Aluminum Leg Wheel Armored Wheel Flight Unit Cooled VTOL Module Utility Core Analyzer Device Seismic Detector Storage High-capacity Storage Unit Processor Core Analyzer Hackware Hacking Suite Protection Reactive Plating Weapon Gauss Cannon Energy Cannon Cooled Plasma Cannon Ballistic Gun Light Assault Rifle Ballistic Cannon Gauss Cannon Launcher Guided EMP Blaster Special Weapon Mining Laser Slashing Weapon Axe Build | -11 -10 -10 -10 -9 -8 -8 -7 -7 -6 -6 ------- Run | Yrd Mat Min Exi Min Mat Sto Fac DSF Fac Gar Slots Evolved 8 | . . . . . 4 . 2 . 2 . Power 1 | . . . . . . . . . 1 . Propulsion 3 | . . . . . 1 . 1 . 1 . Utility 4 | . . . . . 3 . 1 . . . Weapon . | . . . . . . . . . . . Parts Attached 108 | 8 19 1 1 1 38 5 3 7 14 11 Power 9 | 1 2 . . . 3 . . . 1 2 Engine 8 | 1 2 . . . 2 . . . 1 2 Core 1 | . . . . . 1 . . . . . Reactor . | . . . . . . . . . . . Propulsion 29 | 2 6 . . . 13 1 1 1 2 3 Treads 21 | . 2 . . . 12 . 1 1 2 3 Leg 2 | 2 . . . . . . . . . . Wheel 5 | . 4 . . . 1 . . . . . Hover . | . . . . . . . . . . . Flight 1 | . . . . . . 1 . . . . Utility 45 | 3 6 1 1 1 12 1 2 3 10 5 Device 15 | 2 1 1 . 1 2 . . 1 5 2 Storage 4 | 1 2 . 1 . . . . . . . Processor 10 | . . . . . 5 . 1 . 4 . Hackware 5 | . . . . . 2 1 1 . 1 . Protection 11 | . 3 . . . 3 . . 2 . 3 Artifact . | . . . . . . . . . . . Weapon 25 | 2 5 . . . 10 3 . 3 1 1 Energy Gun . | . . . . . . . . . . . Energy Cannon 2 | . . . . . 1 1 . . . . Ballistic Gun 4 | 2 2 . . . . . . . . . Ballistic Cannon 15 | . 2 . . . 8 1 . 3 . 1 Launcher 2 | . . . . . . 1 . . 1 . Special Weapon 1 | . 1 . . . . . . . . . Impact Weapon . | . . . . . . . . . . . Slashing Weapon 1 | . . . . . 1 . . . . . Piercing Weapon . | . . . . . . . . . . . Special Melee Weapon . | . . . . . . . . . . . Unidentified Prototypes 9 | . . . . 1 1 3 . 1 3 . Parts Lost 34 | . . . . . 7 3 . 2 . 22 Power 5 | . . . . . . 1 . . . 4 Propulsion 11 | . . . . . 3 1 . . . 7 Utility 8 | . . . . . 1 . . 2 . 5 Weapon 10 | . . . . . 3 1 . . . 6 Highest Loss Streak 11 | . . . . . 5 3 . 1 . 11 To Critical Strikes 1 | . . . . . 1 . . . . . Average Backups 16 | 1 11 15 16 18 18 18 18 18 18 14 Power . | . 1 1 1 1 1 . . 1 . . Propulsion 1 | . 2 3 3 2 1 2 1 2 . . Utility 9 | . 4 8 8 10 9 10 10 10 12 10 Weapon 4 | . 2 3 3 4 6 4 5 4 5 3 Tool/Special . | . . . . . . . . . . . Unused Backups 27 | . 6 . . . 5 3 1 3 1 8 Power 5 | . 2 . . . . 2 1 . . . Propulsion 2 | . . . . . . 1 . 1 . . Utility 14 | . 3 . . . 3 . . . 1 7 Weapon 6 | . 1 . . . 2 . . 2 . 1 Tool/Special . | . . . . . . . . . . . Average Slot Usage (%) 97 | . 100 100 100 100 98 99 98 98 99 76 Engine 10 | . 14 14 14 14 7 8 7 7 12 7 Treads 25 | . 6 28 28 28 26 26 30 30 33 18 Wheel 2 | . 18 . . . . . . . . . Device 7 | . 8 12 14 14 7 2 . 7 5 5 Storage 9 | . 14 14 14 14 9 9 7 7 6 5 Processor 15 | . . . . . 18 27 23 23 24 22 Hackware 3 | . . . . . 7 5 13 . . . Protection 1 | . 5 1 . . 2 . . 5 1 3 Ballistic Gun 1 | . 12 . . . . . . . . . Ballistic Cannon 17 | . 12 28 28 28 17 17 15 14 13 8 Peak Build Rating 74 | 7 12 10 12 21 51 47 49 53 69 74 Average Rating 33 | 4 10 10 11 12 33 40 48 49 63 52 On Entrance 27 | . 7 10 10 12 14 36 43 48 53 67 Naked Turns 6 | . . . . . . . . . . 6 Heaviest Build 99 | 11 94 36 94 54 75 71 75 77 85 99 Greatest Support 155 | 20 40 40 40 40 66 69 92 91 130 155 Greatest Overweight (x) 18 | . 3 . 2 1 6 1 . . . 18 Average Overweight (x) . | . 1 . 1 1 . . . . . . Largest Inventory Capacity 25 | 8 25 15 25 20 20 20 20 20 25 20 Average Capacity 19 | 6 18 15 22 20 20 20 20 20 20 19 Most Carried 20 | 7 19 15 19 20 20 20 20 20 20 20 Average Carried 17 | 1 11 15 16 19 19 19 19 19 19 15 Final Capacity 20 | 8 15 15 20 20 20 20 20 20 20 5 Final Carried 20 | 7 15 15 19 20 18 20 18 20 20 5 Class Distribution -------------------- 73% | Mutant 13% | Hacker-Mutant 8% | Scavenger-Mutant 4% | Commander-Mutant Dominant Class ---------------- Mutant | -10/Materials Mutant | -10/Mines Mutant | -10/Exiles Mutant | -9/Mines Hacker-Mutant | -8/Materials Mutant | -8/Storage Hacker-Mutant | -7/Factory Mutant | -7/DSF Mutant | -6/Factory Mutant | -6/Garrison Resources | -11 -10 -10 -10 -9 -8 -8 -7 -7 -6 -6 ----------- Run | Yrd Mat Min Exi Min Mat Sto Fac DSF Fac Gar Matter Collected 6469 | 306 482 68 92 34 2382 1376 . 469 730 530 Remotely 3458 | . . 34 . . 1566 885 . 367 430 176 Salvage Created 5469 | 147 473 111 . 126 1782 1243 . 400 813 374 Parts 313 | 18 50 11 . 6 98 71 . 24 19 16 Haulers Intercepted 15 | . 2 . . . 5 6 . 2 . . Recyclers Shooed 2 | . . . . . . . . . 2 . Parts Field Recycled . | . . . . . . . . . . . Retrieved Matter . | . . . . . . . . . . . Parts Self-Destructed . | . . . . . . . . . . . Prevented . | . . . . . . . . . . . Kills | -11 -10 -10 -10 -9 -8 -8 -7 -7 -6 -6 ------- Run | Yrd Mat Min Exi Min Mat Sto Fac DSF Fac Gar Combat Hostiles Destroyed 112 | . 17 4 . . 35 25 . 8 9 14 Guns 12 | . 12 . . . . . . . . . Cannons 95 | . 5 4 . . 34 25 . 8 9 10 AOE 4 | . . . . . 1 . . . . 3 Classes Destroyed 18 | 2 6 . . . 5 1 . 2 . 2 Worker 16 | . 1 1 . . 8 4 . . 2 . Builder 3 | . . . . . 1 2 . . . . Tunneler 6 | 5 . . . . 1 . . . . . Hauler 15 | . 2 . . . 5 6 . 2 . . Recycler 17 | 1 . . . 2 8 2 . . 4 . Mechanic 1 | . . . . . 1 . . . . . Operator 4 | . 2 . . . 1 1 . . . . Watcher 5 | . 2 . . . 2 1 . . . . Swarmer 30 | . 12 2 . . 7 4 . 3 . 2 Cutter 4 | . . . . . . . . . . 4 Grunt 51 | . 5 2 . . 18 14 . 2 6 4 Sentry 15 | . . . . . 5 6 . . 2 2 Demolisher 1 | . . . . . . 1 . . . . Specialist 3 | . . . . . 2 . . 1 . . Hunter 3 | . . . . . 3 . . . . . Programmer 3 | . . . . . . . . 1 1 1 Heavy 1 | . . . . . . . . 1 . . Behemoth 1 | . . . . . . . . . . 1 Best Kill Streak 7 | 5 4 2 . 1 5 6 . 3 3 7 Combat Bots Only 7 | . 3 2 . . 5 5 . 3 2 7 Max Kills in Single Turn 2 | 1 2 1 . 1 2 2 . 1 2 2 Gunslinging 1 | . 1 . . . . . . . . . Exploded 1 | . . . . . 1 . . . . 1 Melee . | . . . . . . . . . . . Uniques/NPCs Destroyed . | . . . . . . . . . . . Combat | -11 -10 -10 -10 -9 -8 -8 -7 -7 -6 -6 -------- Run | Yrd Mat Min Exi Min Mat Sto Fac DSF Fac Gar Hostile Shots Fired 1063 | . 86 8 . . 191 92 . 53 119 514 Missed 310 | . 25 2 . . 57 25 . 13 29 159 Hits 753 | . 61 6 . . 134 67 . 40 90 355 Melee 10 | . . . . . . . . . . 10 Projectile 743 | . 61 6 . . 134 67 . 40 90 345 AOE 4 | . . . . . . . . . . 4 Critical Strikes 21 | . 1 . . . 3 2 . 4 3 8 Damage Taken 9331 | . 531 49 . . 2021 911 . 649 922 4248 Core 1358 | . 115 7 . . 250 38 . 94 62 792 Absorbed by Shields 144 | . . . . . . . . 33 . 111 Reduced by Siege Mode 112 | . . . . . . . . . . 112 Redirected to Shielding 152 | . . . . . . . . . . 152 Ignored by Resistances 445 | . . . . . 26 38 . 111 77 193 Regen/Repaired (Parts) 505 | . . . . . 100 405 . . . . Core Remaining (%) 71 | 100 . . . 51 . 47 . 86 . . Volleys Fired 527 | 18 70 10 . 3 178 108 . 41 56 43 Largest 2 | 2 2 2 . 2 2 2 . 2 2 2 Hottest 105 | 40 100 60 . 60 100 100 . 105 80 100 Shots Fired 936 | 36 121 20 . 6 322 193 . 68 103 67 Gun 104 | 36 68 . . . . . . . . . Cannon 813 | . 34 20 . 6 322 193 . 68 103 67 Launcher . | . . . . . . . . . . . Special 19 | . 19 . . . . . . . . . Kinetic 885 | 36 102 20 . 6 319 192 . 54 103 53 Thermal 51 | . 19 . . . 3 1 . 14 . 14 Explosive . | . . . . . . . . . . . Electromagnetic . | . . . . . . . . . . . Robot Hit Streak 25 | 7 6 7 . 2 10 8 . 5 9 25 Robot Miss Streak 8 | 2 8 2 . 1 5 5 . 4 2 2 Penetration Max 1 | . . . . . 1 1 . 1 1 . Secondary Targets 4 | . 4 . . . . . . . . . Max Gunslinging Chain 1 | . 1 . . . . . . . . . Shots Hit Robots 474 | 25 49 6 . 4 177 77 . 26 59 51 Core Hits 248 | 12 30 5 . 2 81 52 . 15 29 22 Critical Kills 1 | . . . . . . . . . . 1 Critical Parts Destroyed . | . . . . . . . . . . . Critical Strikes 55 | . 1 . . . 14 15 . 5 14 6 Meltdown 1 | . . . . . . . . . . 1 Blast 54 | . 1 . . . 14 15 . 5 14 5 Melee Attacks 2 | . . . . . 2 . . . . . Impact . | . . . . . . . . . . . Slashing 2 | . . . . . 2 . . . . . Piercing . | . . . . . . . . . . . Sneak Attacks . | . . . . . . . . . . . Combat Hostiles . | . . . . . . . . . . . Follow-up Attacks . | . . . . . . . . . . . Damage Inflicted 14011 | 202 707 172 . 78 5115 2986 . 833 1808 2110 Guns 499 | 202 297 . . . . . . . . . Cannons 12213 | . 342 119 . 75 4592 2817 . 833 1808 1627 Explosions 1190 | . . 41 . . 513 157 . . . 479 Melee . | . . . . . . . . . . . Ramming 85 | . 44 12 . 3 10 12 . . . 4 Kinetic 12137 | 202 639 119 . 75 4446 2817 . 833 1808 1198 Thermal 1569 | . 24 41 . . 596 . . . . 908 Explosive 220 | . . . . . 63 157 . . . . Electromagnetic . | . . . . . . . . . . . Impact . | . . . . . . . . . . . Slashing . | . . . . . . . . . . . Piercing . | . . . . . . . . . . . Highest Corruption 2 | . . . . . . 2 . . . . Average Corruption 2 | . . . . . . 2 . . . . Corruption Purged . | . . . . . . . . . . . Corruption Blocked . | . . . . . . . . . . . Effects 14 | . . . . . . 14 . . . . Message Errors 2 | . . . . . . 2 . . . . Matter Fused 5 | . . . . . . 5 . . . . Heat Flow Errors 2 | . . . . . . 2 . . . . Energy Discharges 1 | . . . . . . 1 . . . . Data Loss (minor) 3 | . . . . . . 3 . . . . Data Loss (major) 1 | . . . . . . 1 . . . . Overload Shots 7 | . . . . . . . . 7 . . Overflow Damage 320 | . . 13 . . 193 48 . 9 1 56 Projectiles 243 | . . 13 . . 165 48 . 9 1 7 Explosions 77 | . . . . . 28 . . . . 49 Melee . | . . . . . . . . . . . Knockbacks 64 | . 1 1 . 1 36 12 . 2 7 4 Impact . | . . . . . . . . . . . Kinetic 61 | . 1 1 . 1 34 11 . 2 7 4 Secondary 3 | . . . . . 2 1 . . . . Self-Inflicted Damage 108 | . 21 . . . . 35 . . . 52 Shots 2 | . . . . . . 1 . . . 1 Rammed 9 | . 2 2 . 1 3 . . . . 1 Targets Rammed 11 | . 2 2 . 1 3 2 . . . 1 Kicked . | . . . . . . . . . . . Crushed 2 | . . . . . . 2 . . . . Highest Temperature 321 | . 96 9 . 3 147 234 . 40 321 276 Average Temperature 53 | . 20 4 . 2 38 59 . 18 88 101 Received Heat Transfer 2458 | . 42 . . . 558 450 . 166 321 921 Siege Activations 2 | . . . . . . . . . . 2 Total Turns 38 | . . . . . . . . . . 38 Longest Duration 35 | . . . . . . . . . . 35 Martial Activations . | . . . . . . . . . . . Shielding Activations . | . . . . . . . . . . . Robots Disrupted . | . . . . . . . . . . . Combat Hostiles . | . . . . . . . . . . . Robots Corrupted . | . . . . . . . . . . . Combat Hostiles . | . . . . . . . . . . . Parts Fried . | . . . . . . . . . . . Impact Corruptions . | . . . . . . . . . . . Robots Melted 1 | . . . . . . . . . . 1 Combat Hostiles 1 | . . . . . . . . . . 1 Parts Melted 4 | . . 1 . . 1 . . . . 2 Heat Transferred 1470 | . 50 50 . . 470 . . . . 900 Parts Sabotaged . | . . . . . . . . . . . Parts Stolen . | . . . . . . . . . . . Parts Stripped . | . . . . . . . . . . . Power Chain Reactions . | . . . . . . . . . . . Alert | -11 -10 -10 -10 -9 -8 -8 -7 -7 -6 -6 ------- Run | Yrd Mat Min Exi Min Mat Sto Fac DSF Fac Gar Maximum Alert Level 3 | . 1 . . . 3 3 1 1 . 1 Low Security (%) 54 | 100 93 100 . 100 37 . 35 28 100 47 Level 1 15 | . 6 . . . 14 3 64 71 . 52 Level 2 23 | . . . . . 42 66 . . . . Level 3 6 | . . . . . 5 29 . . . . Level 4 . | . . . . . . . . . . . Level 5 . | . . . . . . . . . . . High Security . | . . . . . . . . . . . Max Security . | . . . . . . . . . . . Sterilizations 1 | . . . . . . . . 1 . . Peak Influence 907 | 10 238 96 . 5 734 907 394 366 191 287 Initial 394 | . . 33 . . . 307 394 81 191 32 Average 254 | . 89 25 . . 312 637 248 241 58 189 Influence Increases 4826 | 30 571 236 . 10 1366 1552 . 305 361 395 Destroy 0b10 Robot/C 2520 | . 340 100 . . 700 760 . 160 180 280 Destroy 0b10 Robot/NC 350 | 30 35 5 . 10 135 85 . 20 30 . Destroy Leader 538 | . 68 20 . . 174 176 . 30 40 30 Allied During Kill 206 | . . 8 . . . 198 . . . . Successful Hack 151 | . 21 5 . . 39 56 . . 30 . Disable Machine 360 | . . 75 . . 105 135 . . 45 . Anti-Garrison Action 50 | . . . . . . . . . . 50 Destroy Structure 366 | . 17 8 . . 153 127 . 5 21 35 Partial Spotted 15 | . . . . . . 15 . . . . Lose Combat Pursuer 270 | . 90 15 . . 60 . . 90 15 . Influence Decreases 4619 | 30 484 249 74 10 638 1411 753 55 680 235 Entered New Map 1249 | . . 54 74 . . 421 475 35 175 15 Time Decay 2520 | 30 484 175 . 10 408 630 278 . 505 . Lost Part 340 | . . . . . 70 30 . 20 . 220 Lost Ally 210 | . . 20 . . 10 180 . . . . Purge Threat 300 | . . . . . 150 150 . . . . Squads Dispatched 26 | . 3 . . . 6 8 1 1 7 . Investigation 3 | . 1 . . . 2 . . . . . Extermination 4 | . . . . . . . 1 . 3 . Reinforcement 14 | . 2 . . . 3 4 . 1 4 . Assault 3 | . . . . . . 3 . . . . Garrison 2 | . . . . . 1 1 . . . . Intercept . | . . . . . . . . . . . Searches Triggered . | . . . . . . . . . . . Construction Impeded 4 | . . . . . . 2 . . 2 . Haulers Reinforced 2 | . . . . . . . . . 2 . Active Scanning Responses . | . . . . . . . . . . . Cargo Convoy Interrupts . | . . . . . . . . . . . Stealth | -11 -10 -10 -10 -9 -8 -8 -7 -7 -6 -6 --------- Run | Yrd Mat Min Exi Min Mat Sto Fac DSF Fac Gar Distress Signals 9 | . 4 . . . 4 1 . . . . Communications Jammed 1 | . . . . . . . . . 1 . Distress Signals 1 | . . . . . . . . . 1 . Times Spotted 192 | . 27 5 . . 60 46 . 17 16 21 Peak Tracking Total 10 | . 7 3 . . 7 10 . 5 6 9 Tactical Retreats 12 | . 2 1 . . 3 . . 5 1 . Traps | -11 -10 -10 -10 -9 -8 -8 -7 -7 -6 -6 ------- Run | Yrd Mat Min Exi Min Mat Sto Fac DSF Fac Gar Traps Triggered 6 | . . . . . . 1 . 2 1 2 Indirectly . | . . . . . . . . . . . Trap Hack Attempts . | . . . . . . . . . . . Triggered . | . . . . . . . . . . . Disarmed . | . . . . . . . . . . . Reprogrammed . | . . . . . . . . . . . Reused . | . . . . . . . . . . . Traps Extracted . | . . . . . . . . . . . Installed . | . . . . . . . . . . . Triggered . | . . . . . . . . . . . Machines | -11 -10 -10 -10 -9 -8 -8 -7 -7 -6 -6 ---------- Run | Yrd Mat Min Exi Min Mat Sto Fac DSF Fac Gar Machines Disabled 25 | . . 5 . . 7 9 . . 3 1 Max in Single Turn 5 | . . 5 . . 3 2 . . 1 1 Garrison Access 1 | . . . . . . 1 . . . . Garrison Relay 1 | . . . . . . . . . . 1 Machines Repaired . | . . . . . . . . . . . Machines Dismantled . | . . . . . . . . . . . Machines Sabotaged . | . . . . . . . . . . . Overloaded Fab Kills . | . . . . . . . . . . . Hacking | -11 -10 -10 -10 -9 -8 -8 -7 -7 -6 -6 --------- Run | Yrd Mat Min Exi Min Mat Sto Fac DSF Fac Gar Machines Accessed 56 | . 7 1 2 1 14 18 6 . 6 1 Terminals 39 | . 6 1 . . 10 13 4 . 4 1 Fabricators 1 | . . . . . . . . . 1 . Repair Stations 4 | . . . . . 2 2 . . . . Recycling Units 5 | . 1 . . . 1 2 1 . . . Scanalyzers 2 | . . . . . 1 . 1 . . . Garrison Access 2 | . . . . . . 1 . . 1 . Total Hacks 154 | . 24 4 2 1 49 43 16 . 13 2 Successful 89 | . 10 1 2 1 30 30 8 . 6 1 Failed 64 | . 14 3 . . 18 13 8 . 7 1 Catastrophic 6 | . 1 . . . . 1 2 . 2 . Database Lockouts 1 | . . . . . 1 . . . . . Manual 54 | . 12 1 1 . 25 11 . . 3 1 Terminals 108 | . 22 4 . . 37 28 7 . 8 2 Fabricators 3 | . . . . . . . . . 3 . Repair Stations 14 | . . . . . 4 10 . . . . Recycling Units 11 | . 2 . . . 2 4 3 . . . Scanalyzers 12 | . . . . . 6 . 6 . . . Garrison Access 3 | . . . . . . 1 . . 2 . Terminal Hacks 45 | . 8 1 2 1 13 15 2 . 2 1 Record 1 | . . . 1 . . . . . . . Part Schematic 2 | . . . . . . 1 . . 1 . Robot Analysis 3 | . . . . . 3 . . . . . Prototype ID Bank 1 | . . . . . . 1 . . . . Open Door 6 | . . . . 1 . 5 . . . . Open DSF 1 | . . . . . . . 1 . . . Emergency Access Points 1 | . . . . . . . . . . 1 Alert Level 3 | . . . . . . 2 . . 1 . Unreport Threat 2 | . . . . . 1 1 . . . . Locate Traps 8 | . 3 . . . 2 2 1 . . . Reinforcement Status 1 | . . . . . 1 . . . . . Recall Investigation 1 | . 1 . . . . . . . . . Hauler Manifests 5 | . 1 . . . 2 2 . . . . Registered Components 2 | . 1 . . . 1 . . . . . Zone Layout 7 | . 2 1 . . 3 1 . . . . Proto ID Catalog 1 | . . . 1 . . . . . . . Fabricator Hacks 2 | . . . . . . . . . 2 . Load Schematic 1 | . . . . . . . . . 1 . Build 1 | . . . . . . . . . 1 . Repair Station Hacks 11 | . . . . . 2 9 . . . . Scan Component 6 | . . . . . 1 5 . . . . Repair 5 | . . . . . 1 4 . . . . Recycling Unit Hacks 4 | . 1 . . . . 3 . . . . Retrieve Matter 1 | . . . . . . 1 . . . . Retrieve Components 3 | . 1 . . . . 2 . . . . Scanalyzer 11 | . . . . . 5 . 6 . . . Insert Component 5 | . . . . . 2 . 3 . . . Analyze 6 | . . . . . 3 . 3 . . . Garrison Access Hacks 2 | . . . . . . 1 . . 1 . Unlock Access 1 | . . . . . . . . . 1 . Seal Access 1 | . . . . . . 1 . . . . Unauthorized Hacks 14 | . 1 . . . 10 2 . . 1 . Terminals 14 | . 1 . . . 10 2 . . 1 . Track 1 | . . . . . 1 . . . . . Assimilate 3 | . . . . . 3 . . . . . Botnet 6 | . 1 . . . 3 1 . . 1 . Disrupt 3 | . . . . . 2 1 . . . . Operators 1 | . . . . . 1 . . . . . Fabricators . | . . . . . . . . . . . Repair Stations . | . . . . . . . . . . . Recycling Units . | . . . . . . . . . . . Scanalyzers . | . . . . . . . . . . . Garrison Access . | . . . . . . . . . . . Data Cores Recovered . | . . . . . . . . . . . Used . | . . . . . . . . . . . Hacking Detections 42 | . 6 1 . . 13 10 5 . 6 1 Full Trace Events 4 | . 2 . . . 2 . . . . . Feedback Events . | . . . . . . . . . . . Feedback Blocked . | . . . . . . . . . . . Robot Schematics Acquired . | . . . . . . . . . . . Robots Built . | . . . . . . . . . . . Authchips . | . . . . . . . . . . . Time . | . . . . . . . . . . . Total Robot Build Rating . | . . . . . . . . . . . Part Schematics Acquired 7 | . . . . . 2 1 3 . 1 . Parts Built 1 | . . . . . . . . . 1 . Authchips 1 | . . . . . . . . . 1 . Time 39 | . . . . . . . . . 39 . Total Part Build Rating 7 | . . . . . . . . . 7 . Parts Repaired 5 | . . . . . 1 4 . . . . Time 228 | . . . . . 70 158 . . . . Parts Recycled . | . . . . . . . . . . . Recycled Matter . | . . . . . . . . . . . Retrieved Matter 59 | . . . . . . 59 . . . . Retrieved Components 14 | . 3 . . . . 11 . . . . Parts Scanalyzed 5 | . . . . . 2 . 3 . . . Part Schematics Acquired 5 | . . . . . 2 . 3 . . . Parts Damaged . | . . . . . . . . . . . Bothacking | -11 -10 -10 -10 -9 -8 -8 -7 -7 -6 -6 ------------ Run | Yrd Mat Min Exi Min Mat Sto Fac DSF Fac Gar Used RIF Installer . | . . . . . . . . . . . Robots Hacked . | . . . . . . . . . . . Non-combat . | . . . . . . . . . . . Combat . | . . . . . . . . . . . Robot Hacks Applied . | . . . . . . . . . . . Relay Couplers Released 4 | . . . . . . . . . . 4 Machine Destruction 4 | . . . . . . . . . . 4 Fabnet Peak Effective % . | . . . . . . . . . . . Robots Rewired . | . . . . . . . . . . . Allies Hacked . | . . . . . . . . . . . Hacks Repelled . | . . . . . . . . . . . Allies | -11 -10 -10 -10 -9 -8 -8 -7 -7 -6 -6 -------- Run | Yrd Mat Min Exi Min Mat Sto Fac DSF Fac Gar Total Allies 18 | . . 5 . . 1 12 . . . . Largest Group 10 | . . 3 2 . 1 10 . . . . Highest-Rated Group 187 | . . 62 46 . 10 187 . . . . Highest-Rated Ally 31 | . . 31 31 . 10 31 . . . . Initial Warlord ECA Mod 18 | . . . . . . . . . 9 9 Total Orders 16 | . . 1 . . . 11 . . 4 . STAY 6 | . . 1 . . . 5 . . . . ROAM 1 | . . . . . . . . . 1 . FOLLOW 6 | . . . . . . 6 . . . . EXPLORE 2 | . . . . . . . . . 2 . RETURN 1 | . . . . . . . . . 1 . Ally Attacks 114 | . . 15 . . . 99 . . . . Total Damage 1468 | . . 159 . . . 1309 . . . . Kills 16 | . . 1 . . . 15 . . . . Allies Corrupted . | . . . . . . . . . . . Allies Melted 1 | . . . . . . 1 . . . . Intel | -11 -10 -10 -10 -9 -8 -8 -7 -7 -6 -6 ------- Run | Yrd Mat Min Exi Min Mat Sto Fac DSF Fac Gar Active Infowar (turns) 3450 | 17 847 724 804 954 39 . . . 65 . Sensors 5 | . . . . 5 . . . . . . Seismic 3380 | 17 847 724 804 949 39 . . . . . Jamming 65 | . . . . . . . . . 65 . Robot Analysis Total 3 | . . . . . 3 . . . . . Derelict Logs Recovered 3 | . . 2 . 1 . . . . . . Drone Launches 2 | . . . . . . . . . 2 . Drone Recoveries 2 | . . . . . . . . . 2 . Exploration | -11 -10 -10 -10 -9 -8 -8 -7 -7 -6 -6 ------------- Run | Yrd Mat Min Exi Min Mat Sto Fac DSF Fac Gar Turns Passed 12980 | 170 1349 814 804 955 3307 2186 616 555 1373 851 Spaces Moved 5766 | 77 773 477 315 240 1328 973 386 233 648 316 Core 22 | 2 . . . . . . . . . 20 Treads 5006 | . 145 477 315 240 1293 973 386 233 648 296 Legs 151 | 75 76 . . . . . . . . . Wheels 587 | . 552 . . . 35 . . . . . Hover . | . . . . . . . . . . . Flight . | . . . . . . . . . . . Fastest Speed 50 | 50 90 160 160 240 155 160 156 156 159 50 Average Speed 172 | 118 128 160 252 240 190 161 156 157 159 200 Slowest Speed 950 | 120 160 160 320 240 240 240 160 158 159 950 Overloaded Moves . | . . . . . . . . . . . Propulsion Burnouts . | . . . . . . . . . . . Robots Hopped . | . . . . . . . . . . . Potential Cave-ins . | . . . . . . . . . . . Cave-ins Triggered . | . . . . . . . . . . . Exploration Rate (%) 59 | 4 96 92 70 57 87 93 9 90 15 42 Regions Visited 10 Branch Regions 4 Pre-discovered Areas 2 | . . . 1 1 . . . . . . Known Exits Taken 3 | . . . . . 1 . 1 . 1 . Unknown Exits Taken 6 | 1 1 1 1 1 . 1 . . . . Scrap Searched 2 | . . 1 . 1 . . . . . . Spaces Dug 51 | . 10 . . . 17 12 . 7 5 . Terrain Destroyed 378 | . 18 8 . . 164 130 . 13 22 23 Melee 2 | . . . . . 2 . . . . . Projectile 246 | . 18 . . . 90 102 . 13 22 1 AOE 130 | . . 8 . . 72 28 . . . 22 Terrain Rammed . | . . . . . . . . . . . Walls Destroyed . | . . . . . . . . . . . Machines Disabled . | . . . . . . . . . . . Actions | -11 -10 -10 -10 -9 -8 -8 -7 -7 -6 -6 --------- Run | Yrd Mat Min Exi Min Mat Sto Fac DSF Fac Gar Total 7797 | 123 981 505 325 614 1765 1391 399 352 885 457 Wait 1092 | 14 69 14 . 359 128 268 3 51 119 67 Move 5756 | 76 772 476 314 239 1327 972 385 232 647 316 Hop . | . . . . . . . . . . . Pick Up 95 | 7 19 . 4 5 24 12 3 7 8 6 Fast Attach 37 | 7 2 . . 1 8 2 . . 9 8 Attach 49 | . 2 . . . 17 7 4 2 5 12 Detach 11 | . . . . . 3 3 2 . 2 1 Swap 115 | 1 23 3 2 1 40 12 1 11 21 . Drop 97 | . 22 . 1 5 35 5 1 7 18 3 Fire 527 | 18 70 10 . 3 178 108 . 41 56 43 Melee 2 | . . . . . 2 . . . . . Ram 2 | . 1 . . . . . . . . 1 Kick . | . . . . . . . . . . . Crush 9 | . 1 2 . 1 3 2 . . . . Escape Stasis 1 | . . . . . . . . 1 . . Rewire 4 | . . . 4 . . . . . . . Trap . | . . . . . . . . . . . Miscellaneous . | . . . . . . . . . . . Route ------- -11/Scrapyard -10/Materials (discovered 5 exits: [*Mat x3] / *Min x2) -10/Mines (discovered 3 exits: [*Mat x2] / *Exi) -10/Exiles -9/Mines -8/Materials (discovered 3 exits: *Fac x2 / *Sto) -8/Storage (discovered 2 exits: *Fac / [*Rec]) -7/Factory -7/DSF -6/Factory (discovered 2 exits: *Low / Gar) -6/Garrison History --------- Turn | Location | Event 9 | -11/Scrapyard | Discovered new exit (range 15) 171 | -11/Scrapyard | Entered Materials 298 | -10/Materials | Discovered new exit (range 15) 308 | -10/Materials | Build established: Mutant 516 | -10/Materials | Discovered new exit (range 15) 622 | -10/Materials | Discovered new exit (range 16) 1337 | -10/Materials | Discovered new exit (range 11) 1445 | -10/Materials | Discovered new exit (range 11) 1520 | -10/Materials | Entered Mines 1536 | -10/Mines | Discovered new exit (range 10) 1666 | -10/Mines | Discovered new exit (range 10) 1688 | -10/Mines | Deemed a non-threat by the Exiles lab entrance 1741 | -10/Mines | Learned Materials terminal intel 1773 | -10/Mines | Assisted by bots powering up and referring to "LRC-V3" 2024 | -10/Mines | Learned Materials security intel 2326 | -10/Mines | Discovered new exit (range 5) 2334 | -10/Mines | Entered Exiles 2334 | -10/Exiles | Accompanied by 2 allies 2364 | -10/Exiles | Led the pair of lost Derelicts to a safe place 2378 | -10/Exiles | Met 8R-AWN 2402 | -10/Exiles | Met EX-HEX 2446 | -10/Exiles | Met EX-BIN 2469 | -10/Exiles | Aligned with FarCom system 2470 | -10/Exiles | Given EX-Vault access code 2510 | -10/Exiles | Opened EX-Vault 2525 | -10/Exiles | Found YOLO Cannon 2601 | -10/Exiles | Warned to stay clear of 0b10 Research branches 2713 | -10/Exiles | Met EX-DEC 2726 | -10/Exiles | Learned location of Zion (-6) 3107 | -10/Exiles | Discovered new exit (range 14) 3138 | -10/Exiles | Left Exiles lab with YOLO Cannon 3138 | -10/Exiles | Entered Mines 3288 | -9/Mines | Met a Derelict who couldn't figure out how to use a Trap Extractor 3918 | -9/Mines | Found a damaged Exp. Sensor Array with a note attached 3952 | -9/Mines | Found Prototype Device 3952 | -9/Mines | Identified Exp. Sensor Array 4070 | -9/Mines | Learned location of Storage (-8) 4083 | -9/Mines | Discovered new exit (range 5) 4093 | -9/Mines | Entered Materials 4093 | -8/Materials | Evolved 4 slots: Propulsion x1, Utility x3 4094 | -8/Materials | Identified exit to Storage 4096 | -8/Materials | Loaded intel: 12 terminal locations 4437 | -8/Materials | Build established: Hacker-Mutant 5101 | -8/Materials | Central database locked down 5383 | -8/Materials | Discovered new exit (range 16) 5648 | -8/Materials | Lost 5 parts (2n1u2w) 6116 | -8/Materials | Build established: Mutant 6612 | -8/Materials | Build established: Scavenger-Mutant 6648 | -8/Materials | Discovered new exit (range 16) 7088 | -8/Materials | Garrison activated, responded to threat 7239 | -8/Materials | Repaired Hvy. Deuterium Engine? 7400 | -8/Materials | Entered Storage 7553 | -8/Storage | Build established: Mutant 7883 | -8/Storage | Lost 3 parts (1p1n1w) 7908 | -8/Storage | Garrison activated, responded to threat 7979 | -8/Storage | Discovered new exit (range 15) 8291 | -8/Storage | Repaired Imp. Treads 8554 | -8/Storage | Repaired Gauss Cannon 8593 | -8/Storage | Repaired Reactive Plating 8761 | -8/Storage | Assisted by bots powering up and referring to "LRC-V3" 8946 | -8/Storage | Discovered new exit (range 15) 9020 | -8/Storage | Used back door to open Recycling access 9048 | -8/Storage | Build established: Commander-Mutant 9166 | -8/Storage | Met a pair of Derelict thieves 9227 | -8/Storage | Core integrity fell below 50% 9292 | -8/Storage | Lost 5 allies 9380 | -8/Storage | Lost 3 allies 9400 | -8/Storage | First assault squad dispatched 9425 | -8/Storage | Repaired Gauss Cannon 9586 | -8/Storage | Entered Factory 9586 | -7/Factory | Evolved 2 slots: Propulsion x1, Utility x1 9645 | -7/Factory | Build established: Mutant 10001 | -7/Factory | Build established: Hacker-Mutant 10197 | -7/Factory | Identified exit to DSF 10202 | -7/Factory | Entered DSF 10247 | -7/DSF | Additional patrols routed to DSF 10533 | -7/DSF | Build established: Mutant 10599 | -7/DSF | Sterilization system engaged 10619 | -7/DSF | Ambient heat levels rising (+10) 10634 | -7/DSF | Ambient heat levels rising (+10) 10649 | -7/DSF | Ambient heat levels rising (+10) 10664 | -7/DSF | Ambient heat levels rising (+10) 10670 | -7/DSF | Discovered new exit (range 14) 10679 | -7/DSF | Ambient heat levels rising (+10) 10694 | -7/DSF | Ambient heat levels rising (+10) 10709 | -7/DSF | Ambient heat levels rising (+10) 10724 | -7/DSF | Ambient heat levels rising (+10) 10739 | -7/DSF | Ambient heat levels rising (+10) 10754 | -7/DSF | Ambient heat levels rising (+10) 10757 | -7/DSF | Entered Factory 10757 | -6/Factory | Evolved 2 slots: Power x1, Propulsion x1 10815 | -6/Factory | Discovered new exit (range 5) 10923 | -6/Factory | Identified exit to Lower Caves 11715 | -6/Factory | Fabricated Imp. Heavy Treads (x1) 11934 | -6/Factory | Identified exit to Garrison 11969 | -6/Factory | Found Prototype Processor 11969 | -6/Factory | Identified Exp. Targeting Computer 12130 | -6/Factory | Entered Garrison 12224 | -6/Garrison | Triggered checkpoint 12277 | -6/Garrison | Garrison Relay disabled 12342 | -6/Garrison | Spotted B-75 Beast 12398 | -6/Garrison | Destroyed B-75 Beast 12422 | -6/Garrison | Lost 3 parts (1p2n) 12562 | -6/Garrison | Lost 11 parts (2p3n3u3w) 12566 | -6/Garrison | Destroyed 7 combat bots 12618 | -6/Garrison | Triggered checkpoint 12827 | -6/Garrison | Found Imp. Powered Armor 12830 | -6/Garrison | Found Imp. Powered Armor 12834 | -6/Garrison | Found Imp. Powered Armor 12949 | -6/Garrison | Spotted B-75 Beast 12959 | -6/Garrison | Core integrity fell below 50% 12966 | -6/Garrison | Core integrity fell below 20% 12968 | -6/Garrison | Released all parts (5) 12981 | -6/Garrison | Destroyed by Y-54 Guardian with Flak Gun Last Messages --------------- 12954_ Acquired 1 matter. 12955_ Lgt. Angular Momentum Engine destroyed. 12955_ Lgt. Treads destroyed. 12956_ Acquired 1 matter. 12957_ Acquired 6 matter. 12957_ Gauss Cannon destroyed. 12961_ Imp. Cooling System destroyed. 12961_ Cld. Plasma Cannon destroyed. 12962_ Hpw. Tractor Beam destroyed. 12968_ Y-54 Guardian destroyed. 12968_ Knocked back. 12968_ YOLO Cannon destroyed. 12968_ Released Core Analyzer. 12968_ Released Armor Integrity Analyzer. 12968_ Released Hcp. Storage Unit. 12968_ Released Exp. Targeting Computer. 12968_ Released Imp. Powered Armor. 12968_ Slammed into Y-54 Guardian. 12974_ Acquired Unknown Device. 12974_ Identified Nanoactuators. Map ----- +----------------------------------------------------+ | | | | | | | | | | | | | | | | | | | | | | | | | | | | | | | | | | | | | ??????????????????????????????????????????????? | | ????????????????????###???????????????????????? | | ?????????????????####]]####???????????????????? | | ?????????????????#/// !! #???????????????????? | | ????????????????## ##??????????????????? | | ????????????????+ #??????????????????? | | ????????????????## ##??????????????????? | | ?????????????????#]]] Y!!@#???????????????????? | | ?????????????????####;;####???????????????????? | | ????????????????????#^Y#??????????????????????? | | ??????????????????### #??????????????????????? | | ??????????????????# " +??????????????????????? | | ??????????????????### #??????????????????????? | | ????????????????????#w!#??????????????????????? | | ??????????????????###%!###????????????????????? | | ????????????w?????#!!Y*+%?????????????????????? | | ??????????????????###!!#??????????????????????? | | ????????????????????#BB#??????????????????????? | | ????????????????????#BB#??????????????????????? | | ????????????????????# #??????????????????????? | | ????????????????????# #??????????????????????? | | ????????????????????# #??????????????????????? | | ??????????##+##?????# #??????????????????????? | | ??????????# ####??# #?????+?+??????????????? | | ??????????# +??+ #??????????????????????? | | ??????????+ +??+ #????/???/?????????????? | | ??????????#!! # #??# #?????+?+??????????????? | | ??????????##### #??# #??????????????????????? | | ??????????????# #??# #??????????????????????? | | ??????????????# #??# #??????????????????????? | | ???????###????# #??#^ #??????????????????????? | | ###+####T######++####++#######+???????????????? | +----------------------------------------------------+ Best States ------------- Heat Dissipation 91 Energy Generation 29 Energy Capacity 500 Matter Stores 300 Matter Capacity 300 Sight Range 16 Terrain Scan Density 10 Jamming Range 12 Additional Mass Support 12 Armor Coverage 450 Resistance: KI 30 Resistance: TH 15 Propulsion Shielding 90 Melee Speed Boost 30 Evasion (%) 55 Targeting Accuracy 12 Target Analysis 6 Core Analysis 9 Armor Integrity Analysis 30 Recoil Reduction 5 Offensive Hacking 20 Authchip Count 3 Item Schematics ----------------- Huge Storage Unit | -8/Materials | Scanalyzed Lgt. Treads | -8/Materials | Scanalyzed Imp. Cooling System | -8/Storage | Hacked Adv. Targeting Computer | -7/Factory | Scanalyzed Transmission Jammer | -7/Factory | Scanalyzed Imp. Treads | -7/Factory | Scanalyzed Imp. Heavy Treads | -6/Factory | Hacked Robot Schematics ------------------ None Fabricated ------------ Imp. Heavy Treads | x1 | -6/Factory | Authchip Repaired ---------- Hvy. Deuterium Engine | 16% | -8/Materials Imp. Treads | 25% | -8/Storage Gauss Cannon | 41% | -8/Storage Reactive Plating | 24% | -8/Storage Gauss Cannon | 68% | -8/Storage Alien Tech Used ----------------- None Achievements -------------- Cannon Specialist Challenges ------------ None Game ------ Seed FluxFusionWheel Manual? 0 Play Time 02:18:12 Cumulative 333.4 hours Start 2025.10.06 @ 19:04:46 End 2025.10.07 @ 19:20:23 Sessions 7 Manual Loads 0 Difficulty Rogue Special Mode None Game No. 228 Rogue 228 Adventurer 0 Explorer 0 Win Type - Total 4 Types 3/0/1/0/0/0/0/0/0/0 Lore% 76 Gallery% 76 Achievement% 65 Wizard Run 0 Options --------- Layout 1 ASCII 0 Keyboard 0 Movement Numpad Keybinds 0 Fullscreen 1 Font 24/Smallcaps Map View 50x40 Zoom Use 0% Tactical HUD 1 Map Filters NONE Filters NONE Steam 1 RUN: c9c8450c-172d-47d8-844d-4ec268bf8b5d